Bruins vs Flames

Created - 4 février 2021 at 20:28

Goals
1 2 3 T
Bruins 1 0 1 2
Flames 0 4 0 4
Shots
1 2 3 T
Bruins 14 12 9 35
Flames 10 16 13 39

1st period

1. Bruins , Brett Pesce 5 (Tyler Bertuzzi 27, Adam Henrique 16) at 10:35

Penalties :
Brayden McNabb (CGY) for Hooking (Minor) at 4:37, Brady Tkachuk (CGY) for Roughing (Minor) at 15:47

2nd period

2. Flames , Blake Wheeler 19 (Alec Martinez 5, Brady Tkachuk 23) at 13:45
3. Flames , Charlie Coyle 13 (Max Domi 22) at 14:45
4. Flames , Taylor Hall 6 (Ethan Bear 14, Jakub Vrana 14) at 17:21
5. Flames , Blake Wheeler 20 (Jared Spurgeon 20, Esa Lindell 26) at 18:49

Penalties :
Jordan Oesterle (BOS) for Hooking (Minor) at 3:48, Brayden McNabb (CGY) for Holding (Minor) at 9:44

3rd period

6. Bruins , Radek Faksa 18 (Brady Skjei 19, Jordan Oesterle 18) at 7:06 (PP)

Penalties :
Brett Pesce (BOS) for Holding (Minor) at 4:57, Ryan Getzlaf (CGY) for Interference (Minor) at 5:48, Tanner Fritz (BOS) for Slashing (Minor) at 13:05

Goalie Stats

Tristan Jarry (BOS), 35 saves from 39 shots - (0,897), L, 14-21-1, 60:00 minutes
Jordan Binnington (CGY), 33 saves from 35 shots - (0,943), W, 24-13-6, 60:00 minutes

Players Stats for Bruins

Player Name              G  A  P  +/- PIM S  H  SB GA TA FO     MP     PP MP  PK MP  
------------------------------------------------------------------------------------
Adam Boqvist             0  0  0   0  0   0  0  0  0  0  0/0     1:29   0:00   0:00 
Adam Henrique            0  1  1  -1  0   8  1  0  0  0  27/45  26:20   3:11   3:06 
Alex Iafallo             0  0  0   0  0   3  1  0  0  0  0/0    18:21   0:00   1:06 
Antoine Roussel          0  0  0   0  0   0  0  0  0  0  0/0     4:20   0:00   0:00 
Brady Skjei              0  1  1  -1  0   3  1  2  0  0  0/0    24:58   3:18   2:52 
Brendan Lemieux          0  0  0  -1  0   1  4  0  0  0  0/2    14:45   3:11   0:00 
Brett Pesce              1  0  1  -1  2   3  0  2  0  0  0/0    20:44   2:49   1:34 
Brian Dumoulin           0  0  0  -1  0   0  2  2  0  0  0/0    23:29   3:18   2:52 
Carl Hagelin             0  0  0  -2  0   3  0  0  0  0  0/1    19:05   2:56   0:26 
Jayson Megna             0  0  0  -2  0   5  1  1  0  0  2/8    21:49   2:56   0:46 
Jonathon Merrill         0  0  0  -1  0   0  0  0  0  0  0/0    13:54   0:00   0:00 
Jordan Oesterle          0  1  1  -1  2   1  0  2  0  0  0/0    20:57   2:49   1:02 
Markus Nutivaara         0  0  0  -1  0   0  2  0  0  0  0/0    14:27   0:00   1:18 
Michael Frolik           0  0  0   0  0   0  0  0  0  0  0/0     3:24   0:00   0:00 
Radek Faksa              1  0  1  -2  0   2  6  0  0  0  15/33  19:45   2:56   0:26 
Tanner Fritz             0  0  0   0  2   1  0  0  0  0  1/3    17:25   0:00   0:11 
Tyler Bertuzzi           0  1  1  -1  0   5  1  0  0  0  2/2    19:30   3:11   3:37 
Vladimir Sobotka         0  0  0   0  0   0  0  1  0  0  2/11    9:18   0:00   0:00 

Players Stats for Flames

Player Name              G  A  P  +/- PIM S  H  SB GA TA FO     MP     PP MP  PK MP  
------------------------------------------------------------------------------------
Alec Martinez            0  1  1   2  0   1  0  1  0  0  0/0    21:00   2:20   3:06 
Blake Wheeler            2  0  2   2  0   9  1  0  0  0  0/1    20:24   3:00   3:18 
Brady Tkachuk            0  1  1   2  2   2  7  0  0  0  1/4    17:05   3:00   0:00 
Brayden McNabb           0  0  0   2  4   1  1  2  0  0  0/0    18:44   2:20   0:52 
Charlie Coyle            1  0  1   1  0   6  1  1  0  0  1/4    20:24   1:49   2:49 
Esa Lindell              0  1  1   1  0   1  1  2  0  0  0/0    25:10   2:29   3:01 
Ethan Bear               0  1  1   0  0   1  3  1  0  0  0/0    14:27   0:00   0:37 
Ilya Mikheyev            0  0  0  -1  0   0  0  0  0  0  0/0     8:11   0:00   2:49 
Jakub Vrana              0  1  1   1  0   5  0  0  0  0  0/0    13:50   0:00   0:00 
Jared Spurgeon           0  1  1   1  0   0  3  1  0  0  0/0    25:10   2:29   3:01 
John Tavares             0  0  0   1  0   7  0  0  0  0  24/44  25:02   2:16   3:18 
Marc Staal               0  0  0   0  0   0  2  0  0  0  0/0    15:27   0:00   1:37 
Max Domi                 0  1  1   1  0   3  0  0  0  0  2/5    18:11   1:49   0:00 
Ondrej Kase              0  0  0   0  0   0  0  0  0  0  1/2     0:44   0:44   0:00 
Pavel Buchnevich         0  0  0  -1  0   1  1  0  0  0  0/0     5:22   0:00   0:00 
Ryan Getzlaf             0  0  0   1  2   0  4  0  0  0  16/26  17:18   1:48   0:00 
Sean Kuraly              0  0  0   1  0   1  5  0  0  0  11/19  13:14   0:00   0:00 
Taylor Hall              1  0  1   1  0   1  0  0  0  0  0/0    12:58   0:00   0:00 

3 Stars

1 - Blake Wheeler (CGY)
2 - Brady Tkachuk (CGY)
3 - Charlie Coyle (CGY)

Power Play

Bruins - 1 on 4 Attempt(s) - 25,00%
Flames - 0 on 3 Attempt(s) - 0,00%

Penalty Kill

Bruins - 3 on 3 Attempt(s) - 100,00% - Score 0 goal in Penalty Kill
Flames - 3 on 4 Attempt(s) - 75,00% - Score 0 goal in Penalty Kill

Team Stat

Bruins - Hits : 19 - Faceoff Wins : 49 - Blocked Shots : 10 - Penalty Minutes : 6
Flames - Hits : 29 - Faceoff Wins : 56 - Blocked Shots : 8 - Penalty Minutes : 8

Official

Referees : Sean MacFarlane and Dan O'Halloran
Linesman : Kyle Larson and Brendan Lewis

Game Notes

Vladimir Sobotka is injured at 13:07 of 2nd period (Upper Body)

Finance

Level 1 -- Attendance: 5695 (87,62%) -- Ticket Income 711 875 $
Level 2 -- Attendance: 5000 (100,00%) -- Ticket Income 290 000 $
Level 3 -- Attendance: 3219 (91,97%) -- Ticket Income 144 855 $
Level 4 -- Attendance: 2897 (88,08%) -- Ticket Income 72 425 $
Luxury Box -- Attendance: 934 (93,40%) -- Ticket Income 149 440 $
Game was played at the Scotiabank Saddledome.
Total Attendance: 17745 (92,00%)
Total Ticket Income: 1 368 595 $
Other Income: 670 612 $
Total Income: 2 039 207 $

% Time on Ice - Bruins

Lines # - Real PCT - Wanted PCT - Time Play
Normal Forward
1 - 24% - 40% - 11:34
2 - 33% - 30% - 15:43
3 - 36% - 20% - 17:15
4 - 7% - 10% - 3:24
Normal Defense
1 - 35% - 40% - 16:56
2 - 34% - 30% - 16:22
3 - 27% - 20% - 13:09
4 - 3% - 10% - 1:29
PP Forward
1 - 52% - 60% - 3:11
2 - 48% - 40% - 2:56
PP Defense
1 - 54% - 60% - 3:18
2 - 46% - 40% - 2:49
PK Forward
1 - 91% - 60% - 4:23
2 - 9% - 40% - 0:26
PK Defense
1 - 60% - 60% - 2:52
2 - 40% - 40% - 1:57
PK3 Forward
1 - 0% - 60%
2 - 0% - 40%
PK3 Defense
1 - 0% - 60%
2 - 0% - 40%
44 Forward
1 - 100% - 60% - 1:08
2 - 0% - 40% - 0:00
44 Defense
1 - 34% - 60% - 0:23
2 - 66% - 40% - 0:45
Last Minute Offensive  - 0:00
Last Minute Defensive  - 0:00
Total
Forward - 60:00
Defense - 60:00

% Time on Ice - Flames

Lines # - Real PCT - Wanted PCT - Time Play
Normal Forward
1 - 29% - 35% - 14:06
2 - 32% - 30% - 15:30
3 - 27% - 20% - 12:58
4 - 11% - 15% - 5:22
Normal Defense
1 - 35% - 35% - 16:59
2 - 32% - 30% - 15:18
3 - 27% - 25% - 12:58
4 - 6% - 10% - 2:41
PP Forward
1 - 62% - 60% - 3:00
2 - 38% - 40% - 1:49
PP Defense
1 - 52% - 60% - 2:29
2 - 48% - 40% - 2:20
PK Forward
1 - 54% - 50% - 3:18
2 - 46% - 50% - 2:49
PK Defense
1 - 49% - 50% - 3:01
2 - 51% - 50% - 3:06
PK3 Forward
1 - 0% - 50%
2 - 0% - 50%
PK3 Defense
1 - 0% - 50%
2 - 0% - 50%
44 Forward
1 - 76% - 50% - 0:52
2 - 24% - 50% - 0:16
44 Defense
1 - 76% - 50% - 0:52
2 - 24% - 50% - 0:16
Last Minute Offensive  - 0:00
Last Minute Defensive  - 0:00
Total
Forward - 60:00
Defense - 60:00

Play-by-Play

1st period


0:01 of 1st period - John Tavares wins face-off versus Adam Henrique in neutral zone.
0:20 of 1st period - Shot by John Tavares.
0:20 of 1st period - Shot Hit the Post.
0:22 of 1st period - Shot by Blake Wheeler.
0:22 of 1st period - Stopped by Tristan Jarry with a rebound.
0:30 of 1st period - Shot by Blake Wheeler.
0:30 of 1st period - Stopped by Tristan Jarry without a rebound.
0:31 of 1st period - Max Domi wins face-off versus Radek Faksa in Bruins zone.
0:32 of 1st period - Shot by Charlie Coyle.
0:32 of 1st period - Stopped by Tristan Jarry without a rebound.
0:33 of 1st period - Radek Faksa wins face-off versus Ryan Getzlaf in Bruins zone.
1:08 of 1st period - Shot by Max Domi.
1:08 of 1st period - Shot Blocked by Brett Pesce.
1:24 of 1st period - Shot by Jakub Vrana.
1:24 of 1st period - Shot Misses the Net.
1:26 of 1st period - Shot by Taylor Hall.
1:26 of 1st period - Shot Hit the Post.
1:28 of 1st period - Shot by Sean Kuraly.
1:28 of 1st period - Shot Hit the Post.
1:40 of 1st period - Shot by Sean Kuraly.
1:40 of 1st period - Shot Misses the Net.
2:00 of 1st period - Carl Hagelin is hit by Sean Kuraly and loses puck.
2:15 of 1st period - Shot by John Tavares.
2:15 of 1st period - Stopped by Tristan Jarry without a rebound.
2:16 of 1st period - John Tavares wins face-off versus Tanner Fritz in Bruins zone.
2:22 of 1st period - Icing by Vladimir Sobotka.
2:23 of 1st period - John Tavares wins face-off versus Vladimir Sobotka in Bruins zone.
2:47 of 1st period - Icing by Vladimir Sobotka.
2:48 of 1st period - Ryan Getzlaf wins face-off versus Vladimir Sobotka in Bruins zone.
3:11 of 1st period - Vladimir Sobotka is hit by Ethan Bear.
3:23 of 1st period - Shot by Adam Henrique.
3:23 of 1st period - Stopped by Jordan Binnington without a rebound.
3:24 of 1st period - John Tavares wins face-off versus Adam Henrique in Flames zone.
3:24 of 1st period - Pavel Buchnevich is hit by Brendan Lemieux and loses puck.
3:57 of 1st period - Shot by Pavel Buchnevich.
3:57 of 1st period - Stopped by Tristan Jarry without a rebound.
3:58 of 1st period - Adam Henrique wins face-off versus Sean Kuraly in Bruins zone.
3:58 of 1st period - Adam Henrique is hit by Sean Kuraly.
4:37 of 1st period - Minor Penalty to Brayden McNabb for Hooking.
4:38 of 1st period - John Tavares wins face-off versus Radek Faksa in Flames zone.
5:11 of 1st period - Shot by Brett Pesce.
5:11 of 1st period - Stopped by Jordan Binnington without a rebound.
5:12 of 1st period - John Tavares wins face-off versus Brendan Lemieux in Flames zone.
5:12 of 1st period - John Tavares is hit by Brendan Lemieux.
5:22 of 1st period - Shot by Brady Skjei.
5:22 of 1st period - Stopped by Jordan Binnington without a rebound.
5:23 of 1st period - John Tavares wins face-off versus Adam Henrique in Flames zone.
5:23 of 1st period - John Tavares is hit by Brendan Lemieux.
5:51 of 1st period - Shot by Brady Skjei.
5:51 of 1st period - Shot Misses the Net.
6:23 of 1st period - Shot by Brett Pesce.
6:23 of 1st period - Shot Misses the Net.
6:57 of 1st period - Shot by Jakub Vrana.
6:57 of 1st period - Stopped by Tristan Jarry with a rebound.
7:08 of 1st period - Icing by Markus Nutivaara.
7:09 of 1st period - Vladimir Sobotka wins face-off versus Ryan Getzlaf in Bruins zone.
7:09 of 1st period - Alex Iafallo is hit by Ryan Getzlaf and loses puck.
7:37 of 1st period - Brett Pesce is hit by Charlie Coyle and loses puck.
7:57 of 1st period - Icing by Jordan Oesterle.
7:58 of 1st period - Radek Faksa wins face-off versus John Tavares in Bruins zone.
8:26 of 1st period - Shot by John Tavares.
8:26 of 1st period - Stopped by Tristan Jarry without a rebound.
8:27 of 1st period - Adam Henrique wins face-off versus Sean Kuraly in Bruins zone.
8:27 of 1st period - Brian Dumoulin is hit by Sean Kuraly and loses puck.
8:59 of 1st period - Shot by Brendan Lemieux.
8:59 of 1st period - Stopped by Jordan Binnington without a rebound.
9:00 of 1st period - John Tavares wins face-off versus Vladimir Sobotka in Flames zone.
9:09 of 1st period - Shot by Brady Tkachuk.
9:09 of 1st period - Shot Misses the Net.
9:34 of 1st period - Shot by Brady Tkachuk.
9:34 of 1st period - Stopped by Tristan Jarry without a rebound.
9:35 of 1st period - Radek Faksa wins face-off versus Ryan Getzlaf in Bruins zone.
10:06 of 1st period - Shot by Radek Faksa.
10:06 of 1st period - Shot Blocked by Jared Spurgeon.
10:08 of 1st period - Shot by Brian Dumoulin.
10:08 of 1st period - Shot Blocked by Charlie Coyle.
10:10 of 1st period - Shot by Brady Skjei.
10:10 of 1st period - Stopped by Jordan Binnington without a rebound.
10:11 of 1st period - John Tavares wins face-off versus Adam Henrique in Flames zone.
10:26 of 1st period - Adam Henrique is hit by Marc Staal and loses puck.
10:33 of 1st period - Shot by Tyler Bertuzzi.
10:33 of 1st period - Shot Misses the Net.
10:35 of 1st period - Shot by Brett Pesce.
10:35 of 1st period - Goal by Brett Pesce - Bruins : 1 - Flames : 0.
10:36 of 1st period - Sean Kuraly wins face-off versus Vladimir Sobotka in neutral zone.
10:38 of 1st period - Alec Martinez is hit by Markus Nutivaara.
10:40 of 1st period - Shot by Taylor Hall.
10:40 of 1st period - Shot Misses the Net.
10:52 of 1st period - Shot by Alex Iafallo.
10:52 of 1st period - Shot Misses the Net.
10:54 of 1st period - Shot by Alex Iafallo.
10:54 of 1st period - Shot Blocked by Alec Martinez.
12:15 of 1st period - Carl Hagelin is hit by Esa Lindell.
12:39 of 1st period - Shot by Carl Hagelin.
12:39 of 1st period - Stopped by Jordan Binnington without a rebound.
12:40 of 1st period - Ryan Getzlaf wins face-off versus Vladimir Sobotka in Flames zone.
13:23 of 1st period - Markus Nutivaara is hit by Ethan Bear and loses puck.
13:31 of 1st period - Icing by Ryan Getzlaf.
13:32 of 1st period - Radek Faksa wins face-off versus Charlie Coyle in Flames zone.
13:32 of 1st period - Radek Faksa is hit by Marc Staal.
13:50 of 1st period - Brady Skjei is hit by Ryan Getzlaf and loses puck.
14:05 of 1st period - Shot by Radek Faksa.
14:05 of 1st period - Shot Misses the Net.
14:07 of 1st period - Shot by Carl Hagelin.
14:07 of 1st period - Shot Misses the Net.
14:09 of 1st period - Shot by Jayson Megna.
14:09 of 1st period - Shot Blocked by Ethan Bear.
14:11 of 1st period - Shot by Carl Hagelin.
14:11 of 1st period - Stopped by Jordan Binnington without a rebound.
14:12 of 1st period - John Tavares wins face-off versus Adam Henrique in Flames zone.
14:21 of 1st period - Shot by Blake Wheeler.
14:21 of 1st period - Stopped by Tristan Jarry without a rebound.
14:22 of 1st period - Adam Henrique wins face-off versus John Tavares in Bruins zone.
14:22 of 1st period - Jordan Oesterle is hit by Pavel Buchnevich and loses puck.
14:30 of 1st period - Shot by Adam Henrique.
14:30 of 1st period - Deflect By Michael Frolik.
14:30 of 1st period - Shot Misses the Net.
14:32 of 1st period - Shot by Adam Henrique.
14:32 of 1st period - Shot Misses the Net.
14:50 of 1st period - Shot by Adam Henrique.
14:50 of 1st period - Stopped by Jordan Binnington without a rebound.
14:51 of 1st period - Sean Kuraly wins face-off versus Radek Faksa in Flames zone.
15:15 of 1st period - Radek Faksa is hit by Brayden McNabb and loses puck.
15:47 of 1st period - Minor Penalty to Brady Tkachuk for Roughing.
15:48 of 1st period - Adam Henrique wins face-off versus John Tavares in Flames zone.
15:57 of 1st period - Shot by Brett Pesce.
15:57 of 1st period - Shot Misses the Net.
16:20 of 1st period - Shot by Jordan Oesterle.
16:20 of 1st period - Stopped by Jordan Binnington without a rebound.
16:21 of 1st period - Charlie Coyle wins face-off versus Radek Faksa in Flames zone.
17:25 of 1st period - Shot by Tyler Bertuzzi.
17:25 of 1st period - Deflect By Adam Henrique.
17:25 of 1st period - Stopped by Jordan Binnington without a rebound.
17:26 of 1st period - John Tavares wins face-off versus Radek Faksa in Flames zone.
17:26 of 1st period - John Tavares is hit by Radek Faksa.
18:24 of 1st period - Icing by Ethan Bear.
18:25 of 1st period - Adam Henrique wins face-off versus Sean Kuraly in Flames zone.
18:51 of 1st period - Off-side.
18:52 of 1st period - John Tavares wins face-off versus Radek Faksa in neutral zone.
18:57 of 1st period - Shot by Brady Tkachuk.
18:57 of 1st period - Shot Blocked by Brady Skjei.
19:07 of 1st period - Shot by Carl Hagelin.
19:07 of 1st period - Shot Misses the Net.
19:09 of 1st period - Shot by Jayson Megna.
19:09 of 1st period - Stopped by Jordan Binnington without a rebound.
19:10 of 1st period - Adam Henrique wins face-off versus Max Domi in Flames zone.
19:23 of 1st period - Shot by Max Domi.
19:23 of 1st period - Shot Blocked by Jordan Oesterle.
19:25 of 1st period - Shot by Charlie Coyle.
19:25 of 1st period - Stopped by Tristan Jarry without a rebound.
19:26 of 1st period - Vladimir Sobotka wins face-off versus John Tavares in Bruins zone.
19:26 of 1st period - Alex Iafallo is hit by Brady Tkachuk and loses puck.
19:49 of 1st period - Shot by Alex Iafallo.
19:49 of 1st period - Stopped by Jordan Binnington with a rebound.
19:51 of 1st period - Shot by Brian Dumoulin.
19:51 of 1st period - Shot Blocked by Esa Lindell.
19:53 of 1st period - Shot by Vladimir Sobotka.
19:53 of 1st period - Shot Misses the Net.
19:55 of 1st period - Shot by Brady Skjei.
19:55 of 1st period - Stopped by Jordan Binnington without a rebound.
19:56 of 1st period - Ryan Getzlaf wins face-off versus Adam Henrique in Flames zone.
Goals for this period are 1 for Bruins vs 0 for Flames.
Shots for this period are 14 for Bruins vs 10 for Flames.

2nd period


0:01 of 2nd period - Adam Henrique wins face-off versus John Tavares in neutral zone.
0:22 of 2nd period - Shot by Blake Wheeler.
0:22 of 2nd period - Stopped by Tristan Jarry without a rebound.
0:23 of 2nd period - Radek Faksa wins face-off versus Ryan Getzlaf in Bruins zone.
0:28 of 2nd period - Shot by Carl Hagelin.
0:28 of 2nd period - Shot Misses the Net.
0:54 of 2nd period - Shot by Jayson Megna.
0:54 of 2nd period - Stopped by Jordan Binnington without a rebound.
0:55 of 2nd period - Adam Henrique wins face-off versus Brady Tkachuk in Flames zone.
1:20 of 2nd period - Shot by Tyler Bertuzzi.
1:20 of 2nd period - Stopped by Jordan Binnington without a rebound.
1:21 of 2nd period - Sean Kuraly wins face-off versus Vladimir Sobotka in Flames zone.
2:51 of 2nd period - Shot by Tyler Bertuzzi.
2:51 of 2nd period - Stopped by Jordan Binnington with a rebound.
2:58 of 2nd period - Icing by Esa Lindell.
2:59 of 2nd period - John Tavares wins face-off versus Jayson Megna in Flames zone.
2:59 of 2nd period - John Tavares is hit by Radek Faksa.
3:32 of 2nd period - Carl Hagelin is hit by Ryan Getzlaf and loses puck.
3:41 of 2nd period - Shot by Charlie Coyle.
3:41 of 2nd period - Shot Blocked by Jayson Megna.
3:48 of 2nd period - Minor Penalty to Jordan Oesterle for Hooking.
3:49 of 2nd period - Ryan Getzlaf wins face-off versus Adam Henrique in Bruins zone.
3:50 of 2nd period - Shot by Esa Lindell.
3:50 of 2nd period - Shot Misses the Net.
4:09 of 2nd period - Icing by Ryan Getzlaf.
4:10 of 2nd period - Adam Henrique wins face-off versus Ryan Getzlaf in Flames zone.
4:13 of 2nd period - Shot by Tyler Bertuzzi.
4:13 of 2nd period - Shot Hit the Post.
4:15 of 2nd period - Shot by Adam Henrique.
4:15 of 2nd period - Stopped by Jordan Binnington without a rebound.
4:16 of 2nd period - John Tavares wins face-off versus Adam Henrique in Flames zone.
4:16 of 2nd period - John Tavares is hit by Tyler Bertuzzi.
4:24 of 2nd period - Shot by Brady Tkachuk.
4:24 of 2nd period - Shot Misses the Net.
4:26 of 2nd period - Shot by Brayden McNabb.
4:26 of 2nd period - Stopped by Tristan Jarry without a rebound.
4:27 of 2nd period - Adam Henrique wins face-off versus John Tavares in Bruins zone.
4:36 of 2nd period - Shot by John Tavares.
4:36 of 2nd period - Shot Misses the Net.
4:38 of 2nd period - Shot by Alec Martinez.
4:38 of 2nd period - Stopped by Tristan Jarry without a rebound.
4:39 of 2nd period - Tyler Bertuzzi wins face-off versus Blake Wheeler in Bruins zone.
5:26 of 2nd period - Shot by Max Domi.
5:26 of 2nd period - Deflect By Ryan Getzlaf.
5:26 of 2nd period - Shot Misses the Net.
5:28 of 2nd period - Shot by Max Domi.
5:28 of 2nd period - Stopped by Tristan Jarry without a rebound.
5:29 of 2nd period - Ryan Getzlaf wins face-off versus Radek Faksa in Bruins zone.
5:30 of 2nd period - Shot by Max Domi.
5:30 of 2nd period - Deflect By Charlie Coyle.
5:30 of 2nd period - Stopped by Tristan Jarry without a rebound.
5:31 of 2nd period - Radek Faksa wins face-off versus Ryan Getzlaf in Bruins zone.
5:40 of 2nd period - Shot by Charlie Coyle.
5:40 of 2nd period - Shot Misses the Net.
5:54 of 2nd period - Shot by Taylor Hall.
5:54 of 2nd period - Deflect By Jakub Vrana.
5:54 of 2nd period - Shot Misses the Net.
5:57 of 2nd period - Icing by Brett Pesce.
5:58 of 2nd period - John Tavares wins face-off versus Vladimir Sobotka in Bruins zone.
6:19 of 2nd period - Shot by Alex Iafallo.
6:19 of 2nd period - Shot Misses the Net.
7:32 of 2nd period - Shot by Tyler Bertuzzi.
7:32 of 2nd period - Stopped by Jordan Binnington without a rebound.
7:33 of 2nd period - Radek Faksa wins face-off versus Sean Kuraly in Flames zone.
7:44 of 2nd period - Shot by Jakub Vrana.
7:44 of 2nd period - Stopped by Tristan Jarry without a rebound.
7:45 of 2nd period - Brady Tkachuk wins face-off versus Adam Henrique in Bruins zone.
7:48 of 2nd period - Shot by Blake Wheeler.
7:48 of 2nd period - Shot Misses the Net.
7:50 of 2nd period - Shot by Blake Wheeler.
7:50 of 2nd period - Shot Blocked by Brady Skjei.
8:07 of 2nd period - Michael Frolik is hit by Ethan Bear and loses puck.
8:17 of 2nd period - Shot by Blake Wheeler.
8:17 of 2nd period - Stopped by Tristan Jarry without a rebound.
8:18 of 2nd period - Ryan Getzlaf wins face-off versus Radek Faksa in Bruins zone.
8:18 of 2nd period - Ryan Getzlaf is hit by Markus Nutivaara.
9:17 of 2nd period - Off-side.
9:18 of 2nd period - John Tavares wins face-off versus Vladimir Sobotka in neutral zone.
9:27 of 2nd period - Shot by John Tavares.
9:27 of 2nd period - Stopped by Tristan Jarry with a rebound.
9:44 of 2nd period - Shot by Alex Iafallo.
9:44 of 2nd period - Stopped by Jordan Binnington without a rebound.
9:44 of 2nd period - Minor Penalty to Brayden McNabb for Holding.
9:45 of 2nd period - Adam Henrique wins face-off versus Charlie Coyle in Flames zone.
10:16 of 2nd period - Shot by Adam Henrique.
10:16 of 2nd period - Stopped by Jordan Binnington without a rebound.
10:17 of 2nd period - Radek Faksa wins face-off versus John Tavares in Flames zone.
11:50 of 2nd period - Icing by Esa Lindell.
11:51 of 2nd period - Sean Kuraly wins face-off versus Vladimir Sobotka in Flames zone.
13:03 of 2nd period - Shot by Charlie Coyle.
13:03 of 2nd period - Shot Misses the Net.
13:07 of 2nd period - Shot by Ryan Getzlaf.
13:07 of 2nd period - Shot Blocked by Vladimir Sobotka.
13:07 of 2nd period - Vladimir Sobotka from Bruins is injured at 13:07 of 2nd period (Upper Body).
13:08 of 2nd period - Adam Henrique wins face-off versus John Tavares in Bruins zone.
13:17 of 2nd period - Shot by Brian Dumoulin.
13:17 of 2nd period - Shot Blocked by Brayden McNabb.
13:25 of 2nd period - Shot by Blake Wheeler.
13:25 of 2nd period - Shot Misses the Net.
13:43 of 2nd period - Shot by Alec Martinez.
13:43 of 2nd period - Shot Blocked by Brian Dumoulin.
13:45 of 2nd period - Shot by Blake Wheeler.
13:45 of 2nd period - Goal by Blake Wheeler - Bruins : 1 - Flames : 1.
13:46 of 2nd period - Radek Faksa wins face-off versus Sean Kuraly in neutral zone.
13:53 of 2nd period - Shot by Carl Hagelin.
13:53 of 2nd period - Deflect By Radek Faksa.
13:53 of 2nd period - Shot Blocked by Esa Lindell.
13:55 of 2nd period - Shot by Brett Pesce.
13:55 of 2nd period - Stopped by Jordan Binnington with a rebound.
13:57 of 2nd period - Shot by Radek Faksa.
13:57 of 2nd period - Stopped by Jordan Binnington without a rebound.
13:58 of 2nd period - Ryan Getzlaf wins face-off versus Radek Faksa in Flames zone.
13:58 of 2nd period - Ryan Getzlaf is hit by Radek Faksa.
14:09 of 2nd period - Shot by Ethan Bear.
14:09 of 2nd period - Stopped by Tristan Jarry without a rebound.
14:10 of 2nd period - Adam Henrique wins face-off versus John Tavares in Bruins zone.
14:25 of 2nd period - Shot by Adam Henrique.
14:25 of 2nd period - Stopped by Jordan Binnington without a rebound.
14:26 of 2nd period - Ryan Getzlaf wins face-off versus Radek Faksa in Flames zone.
14:45 of 2nd period - Shot by Charlie Coyle.
14:45 of 2nd period - Goal by Charlie Coyle - Bruins : 1 - Flames : 2.
14:46 of 2nd period - Adam Henrique wins face-off versus Brady Tkachuk in neutral zone.
14:46 of 2nd period - Brian Dumoulin is hit by Brady Tkachuk and loses puck.
15:13 of 2nd period - Brian Dumoulin is hit by Jared Spurgeon and loses puck.
15:16 of 2nd period - Shot by Adam Henrique.
15:16 of 2nd period - Stopped by Jordan Binnington without a rebound.
15:17 of 2nd period - Radek Faksa wins face-off versus Ryan Getzlaf in Flames zone.
15:48 of 2nd period - Shot by Radek Faksa.
15:48 of 2nd period - Shot Misses the Net.
15:50 of 2nd period - Shot by Carl Hagelin.
15:50 of 2nd period - Shot Misses the Net.
16:55 of 2nd period - Shot by Tyler Bertuzzi.
16:55 of 2nd period - Stopped by Jordan Binnington without a rebound.
16:56 of 2nd period - Sean Kuraly wins face-off versus Adam Henrique in Flames zone.
17:09 of 2nd period - Shot by Jakub Vrana.
17:09 of 2nd period - Stopped by Tristan Jarry with a rebound.
17:17 of 2nd period - Shot by Jakub Vrana.
17:17 of 2nd period - Stopped by Tristan Jarry with a rebound.
17:19 of 2nd period - Shot by Ethan Bear.
17:19 of 2nd period - Shot Misses the Net.
17:21 of 2nd period - Shot by Taylor Hall.
17:21 of 2nd period - Goal by Taylor Hall - Bruins : 1 - Flames : 3.
17:22 of 2nd period - Radek Faksa wins face-off versus John Tavares in neutral zone.
17:37 of 2nd period - Shot by John Tavares.
17:37 of 2nd period - Stopped by Tristan Jarry without a rebound.
17:38 of 2nd period - Adam Henrique wins face-off versus Ryan Getzlaf in Bruins zone.
17:43 of 2nd period - Shot by Ryan Getzlaf.
17:43 of 2nd period - Shot Blocked by Brian Dumoulin.
17:49 of 2nd period - Shot by Charlie Coyle.
17:49 of 2nd period - Shot Misses the Net.
17:51 of 2nd period - Shot by Charlie Coyle.
17:51 of 2nd period - Shot Misses the Net.
18:35 of 2nd period - Esa Lindell is hit by Radek Faksa and loses puck.
18:42 of 2nd period - Radek Faksa is hit by Brady Tkachuk and loses puck.
18:49 of 2nd period - Shot by Blake Wheeler.
18:49 of 2nd period - Goal by Blake Wheeler - Bruins : 1 - Flames : 4.
18:50 of 2nd period - Sean Kuraly wins face-off versus Jayson Megna in neutral zone.
18:50 of 2nd period - Sean Kuraly is hit by Jayson Megna.
19:35 of 2nd period - Icing by Marc Staal.
19:36 of 2nd period - Adam Henrique wins face-off versus Sean Kuraly in Flames zone.
19:58 of 2nd period - Icing by Jordan Oesterle.
19:59 of 2nd period - Adam Henrique wins face-off versus John Tavares in Bruins zone.
19:59 of 2nd period - Antoine Roussel is hit by Brady Tkachuk and loses puck.
Goals for this period are 0 for Bruins vs 4 for Flames.
Shots for this period are 12 for Bruins vs 16 for Flames.

3rd period


0:01 of 3rd period - Adam Henrique wins face-off versus John Tavares in neutral zone.
0:37 of 3rd period - Shot by Brady Tkachuk.
0:37 of 3rd period - Stopped by Tristan Jarry without a rebound.
0:38 of 3rd period - Radek Faksa wins face-off versus Ryan Getzlaf in Bruins zone.
0:43 of 3rd period - Shot by Radek Faksa.
0:43 of 3rd period - Deflect By Jayson Megna.
0:43 of 3rd period - Shot Hit the Post.
0:45 of 3rd period - Shot by Jayson Megna.
0:45 of 3rd period - Stopped by Jordan Binnington without a rebound.
0:46 of 3rd period - Ryan Getzlaf wins face-off versus Radek Faksa in Flames zone.
1:09 of 3rd period - Shot by Ryan Getzlaf.
1:09 of 3rd period - Shot Blocked by Brett Pesce.
1:11 of 3rd period - Shot by Brayden McNabb.
1:11 of 3rd period - Shot Misses the Net.
1:13 of 3rd period - Shot by Charlie Coyle.
1:13 of 3rd period - Deflect By Max Domi.
1:13 of 3rd period - Stopped by Tristan Jarry without a rebound.
1:14 of 3rd period - Adam Henrique wins face-off versus John Tavares in Bruins zone.
1:27 of 3rd period - Brady Tkachuk is hit by Brian Dumoulin.
1:37 of 3rd period - Shot by Blake Wheeler.
1:37 of 3rd period - Stopped by Tristan Jarry without a rebound.
1:38 of 3rd period - Ryan Getzlaf wins face-off versus Adam Henrique in Bruins zone.
2:14 of 3rd period - Shot by Max Domi.
2:14 of 3rd period - Shot Misses the Net.
2:27 of 3rd period - Icing by Charlie Coyle.
2:28 of 3rd period - Ryan Getzlaf wins face-off versus Radek Faksa in Flames zone.
3:34 of 3rd period - Brady Skjei is hit by Sean Kuraly and loses puck.
4:00 of 3rd period - Icing by Taylor Hall.
4:01 of 3rd period - Sean Kuraly wins face-off versus Adam Henrique in Flames zone.
4:39 of 3rd period - Max Domi is hit by Adam Henrique and loses puck.
4:45 of 3rd period - Off-side.
4:46 of 3rd period - John Tavares wins face-off versus Jayson Megna in neutral zone.
4:49 of 3rd period - Shot by Blake Wheeler.
4:49 of 3rd period - Stopped by Tristan Jarry without a rebound.
4:50 of 3rd period - Jayson Megna wins face-off versus John Tavares in Bruins zone.
4:52 of 3rd period - Icing by Tyler Bertuzzi.
4:53 of 3rd period - John Tavares wins face-off versus Jayson Megna in Bruins zone.
4:57 of 3rd period - Minor Penalty to Brett Pesce for Holding.
4:58 of 3rd period - Adam Henrique wins face-off versus John Tavares in Bruins zone.
4:58 of 3rd period - Adam Henrique is hit by Brady Tkachuk.
5:20 of 3rd period - Shot by Esa Lindell.
5:20 of 3rd period - Stopped by Tristan Jarry without a rebound.
5:21 of 3rd period - Ryan Getzlaf wins face-off versus Tanner Fritz in Bruins zone.
5:28 of 3rd period - Shot by Charlie Coyle.
5:28 of 3rd period - Shot Misses the Net.
5:30 of 3rd period - Shot by Charlie Coyle.
5:30 of 3rd period - Stopped by Tristan Jarry without a rebound.
5:31 of 3rd period - Tyler Bertuzzi wins face-off versus John Tavares in Bruins zone.
5:47 of 3rd period - Off-side.
5:48 of 3rd period - Tanner Fritz wins face-off versus Ryan Getzlaf in neutral zone.
5:48 of 3rd period - Minor Penalty to Ryan Getzlaf for Interference.
5:49 of 3rd period - Max Domi wins face-off versus Adam Henrique in Flames zone.
5:51 of 3rd period - Icing by Ethan Bear.
5:52 of 3rd period - Adam Henrique wins face-off versus Max Domi in Flames zone.
5:55 of 3rd period - Shot by Adam Henrique.
5:55 of 3rd period - Stopped by Jordan Binnington without a rebound.
5:56 of 3rd period - Sean Kuraly wins face-off versus Adam Henrique in Flames zone.
6:11 of 3rd period - Shot by Charlie Coyle.
6:11 of 3rd period - Stopped by Tristan Jarry without a rebound.
6:12 of 3rd period - Adam Henrique wins face-off versus Max Domi in Bruins zone.
6:36 of 3rd period - Shot by Jakub Vrana.
6:36 of 3rd period - Shot Hit the Post.
6:46 of 3rd period - Shot by Jakub Vrana.
6:46 of 3rd period - Shot Misses the Net.
6:48 of 3rd period - Shot by Ethan Bear.
6:48 of 3rd period - Shot Misses the Net.
6:50 of 3rd period - Shot by Ethan Bear.
6:50 of 3rd period - Shot Misses the Net.
6:52 of 3rd period - Shot by Marc Staal.
6:52 of 3rd period - Shot Blocked by Jordan Oesterle.
7:06 of 3rd period - Shot by Radek Faksa.
7:06 of 3rd period - Goal by Radek Faksa - Bruins : 2 - Flames : 4.
7:07 of 3rd period - Jayson Megna wins face-off versus John Tavares in neutral zone.
7:07 of 3rd period - Alex Iafallo is hit by Brady Tkachuk.
7:35 of 3rd period - Alex Iafallo is hit by Brady Tkachuk and loses puck.
8:13 of 3rd period - Icing by Alec Martinez.
8:14 of 3rd period - Ryan Getzlaf wins face-off versus Adam Henrique in Flames zone.
8:41 of 3rd period - Shot by Max Domi.
8:41 of 3rd period - Deflect By Charlie Coyle.
8:41 of 3rd period - Shot Misses the Net.
9:03 of 3rd period - Shot by Sean Kuraly.
9:03 of 3rd period - Stopped by Tristan Jarry without a rebound.
9:04 of 3rd period - John Tavares wins face-off versus Radek Faksa in Bruins zone.
9:24 of 3rd period - Icing by Jared Spurgeon.
9:25 of 3rd period - John Tavares wins face-off versus Jayson Megna in Flames zone.
9:51 of 3rd period - Shot by Pavel Buchnevich.
9:51 of 3rd period - Deflect By John Tavares.
9:51 of 3rd period - Stopped by Tristan Jarry without a rebound.
9:52 of 3rd period - Sean Kuraly wins face-off versus Adam Henrique in Bruins zone.
10:54 of 3rd period - Icing by Ethan Bear.
10:55 of 3rd period - Sean Kuraly wins face-off versus Radek Faksa in Flames zone.
11:02 of 3rd period - Shot by Jayson Megna.
11:02 of 3rd period - Stopped by Jordan Binnington without a rebound.
11:03 of 3rd period - John Tavares wins face-off versus Adam Henrique in Flames zone.
11:09 of 3rd period - Jared Spurgeon is hit by Brady Skjei and loses puck.
11:33 of 3rd period - Shot by John Tavares.
11:33 of 3rd period - Stopped by Tristan Jarry without a rebound.
11:34 of 3rd period - Ryan Getzlaf wins face-off versus Radek Faksa in Bruins zone.
12:48 of 3rd period - John Tavares is hit by Radek Faksa and loses puck.
13:04 of 3rd period - Jared Spurgeon is hit by Alex Iafallo and loses puck.
13:05 of 3rd period - Minor Penalty to Tanner Fritz for Slashing.
13:06 of 3rd period - Adam Henrique wins face-off versus Brady Tkachuk in Bruins zone.
14:20 of 3rd period - Off-side.
14:21 of 3rd period - Ondrej Kase wins face-off versus Jayson Megna in neutral zone.
14:59 of 3rd period - Icing by Brady Tkachuk.
15:00 of 3rd period - Adam Henrique wins face-off versus Ondrej Kase in Flames zone.
15:11 of 3rd period - Alex Iafallo is hit by Sean Kuraly and loses puck.
15:21 of 3rd period - Icing by Jonathon Merrill.
15:22 of 3rd period - Adam Henrique wins face-off versus John Tavares in Bruins zone.
15:29 of 3rd period - Shot by Alex Iafallo.
15:29 of 3rd period - Stopped by Jordan Binnington without a rebound.
15:30 of 3rd period - John Tavares wins face-off versus Radek Faksa in Flames zone.
15:32 of 3rd period - Icing by Pavel Buchnevich.
15:33 of 3rd period - John Tavares wins face-off versus Adam Henrique in Flames zone.
16:08 of 3rd period - Shot by John Tavares.
16:08 of 3rd period - Shot Misses the Net.
16:10 of 3rd period - Shot by Ethan Bear.
16:10 of 3rd period - Shot Misses the Net.
16:12 of 3rd period - Shot by Ilya Mikheyev.
16:12 of 3rd period - Deflect By John Tavares.
16:12 of 3rd period - Stopped by Tristan Jarry without a rebound.
16:13 of 3rd period - Radek Faksa wins face-off versus Charlie Coyle in Bruins zone.
16:13 of 3rd period - Radek Faksa is hit by Ryan Getzlaf.
16:19 of 3rd period - Ryan Getzlaf is hit by Radek Faksa and loses puck.
16:27 of 3rd period - Jayson Megna is hit by Jared Spurgeon.
17:02 of 3rd period - Tanner Fritz is hit by Jared Spurgeon and loses puck.
17:54 of 3rd period - Icing by Brayden McNabb.
17:55 of 3rd period - Adam Henrique wins face-off versus John Tavares in Flames zone.
18:12 of 3rd period - Shot by Adam Henrique.
18:12 of 3rd period - Shot Blocked by Brayden McNabb.
18:26 of 3rd period - Shot by Tyler Bertuzzi.
18:26 of 3rd period - Stopped by Jordan Binnington without a rebound.
18:27 of 3rd period - Radek Faksa wins face-off versus Sean Kuraly in Flames zone.
18:32 of 3rd period - Shot by Carl Hagelin.
18:32 of 3rd period - Shot Misses the Net.
18:38 of 3rd period - Shot by Radek Faksa.
18:38 of 3rd period - Deflect By Carl Hagelin.
18:38 of 3rd period - Stopped by Jordan Binnington without a rebound.
18:39 of 3rd period - Sean Kuraly wins face-off versus Carl Hagelin in Flames zone.
18:49 of 3rd period - Shot by Jakub Vrana.
18:49 of 3rd period - Stopped by Tristan Jarry without a rebound.
18:50 of 3rd period - Adam Henrique wins face-off versus John Tavares in Bruins zone.
19:01 of 3rd period - Shot by Tanner Fritz.
19:01 of 3rd period - Stopped by Jordan Binnington without a rebound.
19:02 of 3rd period - Radek Faksa wins face-off versus Sean Kuraly in Flames zone.
19:13 of 3rd period - Shot by Jayson Megna.
19:13 of 3rd period - Stopped by Jordan Binnington without a rebound.
19:14 of 3rd period - John Tavares wins face-off versus Brendan Lemieux in Flames zone.
19:14 of 3rd period - John Tavares is hit by Brendan Lemieux.
19:23 of 3rd period - Brady Tkachuk is hit by Brian Dumoulin and loses puck.
19:30 of 3rd period - Brady Skjei is hit by Blake Wheeler and loses puck.
19:38 of 3rd period - Off-side.
19:39 of 3rd period - Ryan Getzlaf wins face-off versus Radek Faksa in neutral zone.
19:42 of 3rd period - Shot by Max Domi.
19:42 of 3rd period - Stopped by Tristan Jarry without a rebound.
19:43 of 3rd period - Ryan Getzlaf wins face-off versus Radek Faksa in Bruins zone.
Goals for this period are 1 for Bruins vs 0 for Flames.
Shots for this period are 9 for Bruins vs 13 for Flames.